 Dungeon Crawl Stone Soup version 0.30-a0-313-gae38170b09 (webtiles) character file.

Game seed: 12657930373363212113

2551 lunkers the Geomancer (level 10, 0/77 HPs)
             Began as a Meteoran Earth Elementalist on Oct 26, 2022.
             Was an Initiate of Gozag.
             Succumbed to a hornet's poison
             ... on level 7 of the Dungeon.
             The game lasted 00:04:11 (3090 turns).

lunkers the Geomancer (Meteoran Earth Elementalist) Turns: 3090, Time: 00:04:12

Health: 0/77       AC:  6    Str: 11    XL:     10   Next: 11%
Magic:  1/23       EV: 13    Int: 20    God:    Gozag
Gold:   628        SH:  3    Dex: 15    Spells: 16/26 levels left

rFire   . . .      SeeInvis .    (no weapon)
rCold   . . .      Faith    .    u - +0 buckler
rNeg    . . .      Spirit   .    a - +0 robe
rPois   .          Reflect  .    m - +0 helmet
rElec   .          Harm     .    h - +0 cloak
rCorr   .          Rampage  .    (no gloves)
Will    +....                    p - +1 pair of boots
Stlth   +.........               (no amulet)
HPRegen 0.32/turn                (no ring)
MPRegen 0.18/turn                (no ring)

@: lethally poisoned (0 -> -1), glowing
A: sense surroundings 2, otherworldly, glowing, explore regen
a: Renounce Religion, Potion Petition, Call Merchant, Bribe Branch


You were on level 7 of the Dungeon.
You worshipped Gozag.
Gozag was pleased with you.
You visited 2 branches of the dungeon, and saw 8 of its levels.

You collected 754 gold pieces.
You paid 126 gold pieces to Gozag.

Inventory:

Hand Weapons
 d - a +4 hand axe of distortion
Armour
 a - a +0 robe (worn)
 h - a +0 cloak (worn)
 m - a +0 helmet (worn)
 p - a +1 pair of boots (worn)
 u - a +0 buckler (worn)
Magical Staves
 s - a staff of air
Jewellery
 g - a ring of flight
Wands
 j - a wand of mindburst (29)
 k - a wand of digging (3)
 r - a wand of charming (8)
 t - a wand of flame (29)
Scrolls
 l - 3 scrolls of teleportation
 x - a scroll of enchant weapon
Potions
 b - a potion of magic
 c - a potion of ambrosia
 e - 4 potions of curing
 f - 2 potions of attraction
 i - 4 potions of haste
 n - a potion of heal wounds {unknown}
 o - a potion of might {unknown}
 q - a potion of flight
 v - 2 potions of mutation
 w - a potion of cancellation {unknown}
 z - a potion of brilliance {unknown}
 A - 2 potions of lignification


   Skills:
 + Level 3.4 Fighting
 + Level 4.7 Dodging
 - Level 1.4 Stealth
 + Level 8.5 Spellcasting
 * Level 6.1 Conjurations
 - Level 1.2 Transmutations
 - Level 10.2 Earth Magic


You had 16 spell levels left.
You knew the following spells:

 Your Spells              Type           Power      Damage    Failure   Level
a - Sandblast             Erth           98%        2d20      1%          1
b - Passwall              Tmut/Erth      25%        N/A       1%          2
c - Stone Arrow           Conj/Erth      82%        3d12      1%          3
d - Petrify               Tmut/Erth      31%        N/A       11%         4

Your spell library contained the following spells:

 Spells                   Type           Power      Damage    Failure   Level
 Shock                    Conj/Air       80%        1d8       3%          1
 Swiftness                Air            8%         N/A       32%         3
 Airstrike                Air            4%         2d(1-17)  73%         4


Dungeon Overview and Level Annotations

Branches:
Dungeon (7/15) Zot: 1096   Temple (1/1) D:5 Zot: 525

Altars:
Ashenzari
Cheibriados
Dithmenos
Fedhas
Gozag
Hepliaklqana
Kikubaaqudgha
Makhleb
Nemelex Xobeh
Okawaru
Ru
Sif Muna
Trog
Uskayaw
Vehumet
Wu Jian
Xom
Yredelemnul
Zin
The Shining One

Shops:
D:4 !

Annotations:
D:5 1 runed translucent door, idiolect's ghost, novice GrFE


Innate Abilities, Weirdness & Mutations

You passively map the area around you.
You are easily found by Zot.
You glow in the dark.
You regain HP and MP as you explore.


Message History

Confirm with . or Enter, or press ? or * to list all spells.
Aiming: Stone Arrow (safe; 1% risk of failure)
Press: ? - help, Shift-Dir - straight line, f - black bear
Aim: a black bear (82% to hit)
The stone arrow misses the black bear.
You feel sick.
Unknown command.
Unknown command.
Casting: Stone Arrow (safe; 1% risk of failure)
Confirm with . or Enter, or press ? or * to list all spells.
Aiming: Stone Arrow (safe; 1% risk of failure)
Press: ? - help, Shift-Dir - straight line, f/p - black bear
Aim: a black bear (82% to hit)
The stone arrow hits the black bear.
The black bear is moderately wounded.
* * * LOW MAGIC WARNING * * *
You feel sick.
Unknown command.
Aiming: Sandblast (safe; 1% risk of failure)
Press: ? - help, Q - select action, (/) - cycle Shift-Dir - straight line, f/p - black bear
Aim: a black bear (moderately wounded, 89% to hit)
The blast of sand hits the black bear!
The black bear is severely wounded.
* * * LOW MAGIC WARNING * * *
You feel yourself speed up.
You feel sick. The black bear bites you.
* * * LOW HITPOINT WARNING * * *
The black bear barely misses you. The black bear claws you.
* * * LOW HITPOINT WARNING * * *
The black bear bites you.
* * * LOW HITPOINT WARNING * * *
The black bear claws you but does no damage. x2
Casting: Sandblast (safe; 1% risk of failure)
Confirm with . or Enter, or press ? or * to list all spells.
Aiming: Stone Arrow (safe; 1% risk of failure)
Press: ? - help, Shift-Dir - straight line, f/p - black bear
Aim: a black bear (severely wounded, 82% to hit)
The stone arrow misses the black bear.
* * * LOW MAGIC WARNING * * *
You die...
Your body crumbles into a pile of gold.

.............#
#............#
############..
##.~~~~.~~~~~.### , ,,.
##.**#..~≈≈).~≈≈≈≈....
#. ##..≈≈≈~.≈≈≈≈≈.### ,
... ....~≈≈~.~~~~~.... ,
.... ##..~~~~.......###
,*** .>...
#........~~~~.... *
......##..~~~~~.~~≈≈....
,
.....$h@..~≈≈≈~.~≈≈~.###
*, *
......##..≈≈≈≈~.~≈≈~.#
,* * .....
,#..~~~~~.~~~~.# # ,
,#)#. #.............# #
, ,* ...,
#...)#..####..### #,, ,
, *.. #......## ##.... #
,,, * .,, #....### ##...
# ,,, #....############
# * *
#####................


You could see a black bear.

Vanquished Creatures
  A hornet (D:7)
  A slime creature (D:7)
  Sigmund (D:3)
  A wraith (D:7)
  A water moccasin (D:6)
  3 black bears
  A sky beast (D:6)
  2 ogres
  2 centaurs (D:6)
  2 phantoms (D:5)
  2 bullfrogs
  A necrophage (D:6)
  A scorpion (D:5)
  A howler monkey (D:4)
  An electric eel (D:7)
  3 jellies
  2 orc priests (D:6)
  2 hounds
  4 iguanas
  3 orc wizards
  4 gnolls (D:3)
  7 adders
  3 shadow imps
  A white imp (D:5)
  An ufetubus (D:5)
  2 dart slugs
  22 orcs
  5 ball pythons
  An endoplasm (D:3)
  A giant cockroach (D:4)
  2 goblins
  2 quokkas
  A bat (D:3)
  A frilled lizard (D:1)
  A kobold (D:4)
  2 rats (D:1)
91 creatures vanquished.

Vanquished Creatures (others)
  An adder (D:4)
1 creature vanquished.

Grand Total: 92 creatures vanquished

Notes
Turn   | Place    | Note
-------+----------+-------------------------------------------
     0 | D:1      | lunkers the Meteoran Earth Elementalist began the quest for
                  | the Orb.
     0 | D:1      | Reached XP level 1. HP: 14/14 MP: 5/5
   423 | D:2      | Reached XP level 2. HP: 20/20 MP: 4/6
   460 | D:2      | Reached skill level 4 in Earth Magic
   542 | D:2      | Reached XP level 3. HP: 22/26 MP: 4/8
   810 | D:3      | Noticed Sigmund
   815 | D:3      | Killed Sigmund
   816 | D:3      | Reached skill level 6 in Earth Magic
   816 | D:3      | Reached XP level 4. HP: 16/33 MP: 4/11
   816 | D:3      | Reached XP level 5. HP: 18/38 MP: 4/12
   816 | D:3      | Reached XP level 6. HP: 22/45 MP: 4/13
   831 | D:3      | Found a glowing silver altar of Zin.
  1026 | D:4      | Reached skill level 5 in Spellcasting
  1026 | D:4      | Reached skill level 7 in Earth Magic
  1038 | D:4      | Found Jipetwo's Distillery.
  1150 | D:4      | Noticed a black bear
  1155 | D:4      | Reached XP level 7. HP: 47/50 MP: 13/15
  1207 | D:4      | Learned a level 2 spell: Passwall
  1211 | D:4      | Learned a level 3 spell: Stone Arrow
  1237 | D:5      | Entered Level 5 of the Dungeon
  1283 | D:5      | Found a hide-covered altar of Uskayaw.
  1301 | D:5      | Reached skill level 8 in Earth Magic
  1397 | D:5      | Reached XP level 8. HP: 57/57 MP: 13/18
  1438 | D:5      | Found a staircase to the Ecumenical Temple.
  1458 | Temple   | Entered the Ecumenical Temple
  1523 | Temple   | Became a worshipper of Gozag Ym Sagoz the Greedy
  1559 | D:5      | Found a runed translucent door.
  1559 | D:5      | Noticed idiolect's ghost (novice GrFE)
  1655 | D:5      | Reached skill level 9 in Earth Magic
  2019 | D:6      | Reached skill level 10 in Earth Magic
  2021 | D:6      | Gained mutation: You passively map the area around you.
                  | [Meteoran growth]
  2021 | D:6      | Reached XP level 9. HP: 20/62 MP: 10/20
  2078 | D:6      | Reached skill level 1 in Conjurations
  2135 | D:6      | Learned a level 4 spell: Petrify
  2227 | D:6      | Reached skill level 1 in Fighting
  2671 | D:7      | Found an ancient bone altar of Kikubaaqudgha.
  2672 | D:7      | Found a sparkling altar of Nemelex Xobeh.
  2834 | D:7      | Found a radiant altar of Vehumet.
  2902 | D:7      | Found a sacrificial altar of Ru.
  2944 | D:7      | Noticed a slime creature
  2949 | D:7      | Killed a slime creature
  2950 | D:7      | Reached skill level 5 in Conjurations
  2950 | D:7      | Found a bloodstained altar of Trog.
  3079 | D:7      | Noticed a hornet
  3084 | D:7      | Reached XP level 10. HP: 21/77 MP: 18/23
  3089 | D:7      | HP: 3/77 [black bear (3)]
  3089 | D:7      | HP: 1/77 [black bear (2)]
  3090 | D:7      | Succumbed to a hornet's poison

Illustrated notes

Levels and vault maps discovered:
D:1:      dpeg_arrival_boxorama, layout_basic, serial_corexii_hall,
          corexii_hall_statues_s, chequers_hall_statues_corner_a,
          corexii_hall_statues_deadend, corexii_hall_statues_x, serial_shops,
          shop, nrook_mini_vaults
D:2:      layout_loops_ring
D:3:      layout_rooms, mainiacjoe_overflow_concentric_impassable,
          grunt_decor_one_mirror, minmay_misc_feat_iff, uniq_sigmund
D:4:      layout_rooms, elyvilon_altar_4, nicolae_take_the_stairs,
          minmay_box_of_dots
D:5:      minmay_bubble_buster, layout_layer_cave, nicolae_uskayaw_dance_hall,
          minmay_temple_entry_large_hall, hellmonk_ghost_happy_afterlife,
          minivault_27, roderic_roman_lattice, minmay_fractal_squares_diagonal_5
D:6:      layout_basic
D:7:      layout_basic, nicolae_ru_sacrificial_ziggurat,
          mainiacjoe_overflow_divided_tiny, minivault_14, chequers_garden,
          minivault_22, st_stairs_4, fountainhead, hangedman_feature_mirror
Temple:   eino_temple_lava

Skill      XL: |  1  2  3  4  5  6  7  8  9 10 |
---------------+-------------------------------+-----
Spellcasting   | 3 4 5 6 7 8 |  8.5
Earth Magic    | 4 6 7 8 10 | 10.2
Conjurations   | 5 6 |  6.1
Fighting       | 3 |  3.4
Dodging        | 4 |  4.7
Stealth        | |  1.4
Transmutations | |  1.2

Action                   |  1- 3 |  4- 6 |  7- 9 | 10-12 || total
-------------------------+-------+-------+-------+-------++-------
 Cast: Sandblast         |    22 |    31 |   102 |     1 ||   156
       Stone Arrow       |       |       |     1 |     6 ||     7
  Use: Scroll            |       |       |    15 |       ||    15
Armor: Robe              |     2 |    10 |     9 |     2 ||    23
Dodge: Dodged            |     5 |     9 |    19 |     2 ||    35
Block: Buckler           |       |       |     6 |     1 ||     7

Table legend: (Time is in decaauts)
 A = Elapsed time spent in this place.
 B = Non-inter-level travel time spent in this place.
 C = Inter-level travel time spent in this place.
 D = Time resting spent in this place.
 E = Time spent auto-exploring this place.
 F = Levels seen in this place.
 G = Mean time per level.
                   A        B        C        D        E       F      G
               +--------+--------+--------+--------+--------+-----+--------+
         Total |   3178 |   3042 |    136 |      0 |   2450 |   8 |  397.2 |
       Dungeon |   3103 |   2975 |    128 |      0 |   2403 |   7 |  443.3 |
        Temple |     74 |     66 |      8 |      0 |     47 |   1 |   74.0 |
               +--------+--------+--------+--------+--------+-----+--------+

Top non-repeatable levels by time:
     D:5: 711 daAuts
     D:6: 605 daAuts
     D:7: 522 daAuts
     D:2: 374 daAuts
     D:1: 342 daAuts
     D:3: 315 daAuts
     D:4: 231 daAuts
  Temple: 74 daAuts
